 Dungeon Crawl Stone Soup version 0.32-a0-22-g6ae6769602 (webtiles) character file.

Game seed: 11154804273213710531

10971 croobank the Sneak (level 11, -3/68 HPs)
             Began as a Demonspawn Fire Elementalist on Jan 18, 2024.
             Was an Elder of Ashenzari.
             Slain by a catoblepas (19 damage)
             ... on level 11 of the Dungeon on Jan 19, 2024.
             The game lasted 00:40:57 (14423 turns).

croobank the Sneak (Demonspawn Fire Elementalist)  Turns: 14423, Time: 00:40:57

Health: -3/68      AC: 10    Str: 10    XL:     11   Next: 43%
Magic:  15/24      EV: 14    Int: 25    God:    Ashenzari [****..]
Gold:   660        SH: 13    Dex: 13    Spells: 25/28 levels left

rFire   . . .        l - +1 dagger (protect)
rCold   . . .        E - +2 buckler "Chained With Me" {reflect, Comp, Range} (curse)
rNeg    + . .        j - +2 leather armour of the Circumscribed Sage {rN+, Melee, Fort} (curse)
rPois   +            G - +0 helmet "I Knew You'd Do That" {Fort, Elem} (curse)
rElec   .            (no cloak)
rCorr   .            n - +0 pair of gloves of the Ruined Augur {Self, Sorc} (curse)
SInv    +            y - +0 pair of boots "Ensconced Together" {Melee, Elem} (curse)
Will    .....        k - amulet of the Cryptic Loss {Reflect SH+5, Melee, Fort} (curse)
Stlth   ++++         A - ring of Supernal Knowledge {Int+6, Range, Bglg} (curse)
HPRegen 0.31/turn    r - ring of poison resistance
MPRegen 0.19/turn

%: reflection, clarity
@: spiked
A: hooves 1, demonic guardian 2, sturdy frame 2, demonic magic 1
a: Renounce Religion, Shatter the Chains


You were on level 11 of the Dungeon.
You worshipped Ashenzari.
Ashenzari was greatly pleased with you.
You visited 1 branch of the dungeon, and saw 11 of its levels.

You collected 660 gold pieces.

Inventory:

Hand Weapons
 a - a +2 vampiric dagger
 l - a +1 dagger of protection (weapon)
 s - a +3 long sword of venom
 v - a +0 war axe
 O - a +0 trident of freezing
 P - a +2 dagger of venom
Missiles
 i - 19 poisoned darts (quivered)
 M - 3 throwing nets
Armour
 h - +0 acid dragon scales
 j - the cursed +2 leather armour of the Circumscribed Sage (worn) {rN+, Melee, Fort}
   (You found it on level 1 of the Dungeon)

   It has a curse which improves the following skills: Melee Combat: Short
   Blades, Long Blades, Axes, Maces & Flails, Polearms, Staves and Unarmed
   Combat.
   Fortitude: Armour and Shields.
 n - the cursed +0 pair of gloves of the Ruined Augur (worn) {Self, Sorc}
   (You found it on level 2 of the Dungeon)

   It has a curse which improves the following skills: Introspection: Fighting
   and Spellcasting.
   Sorcery:   Conjurations and Alchemy.
 y - the cursed +0 pair of boots "Ensconced Together" (worn) {Melee, Elem}
   (You found it on level 4 of the Dungeon)

   It has a curse which improves the following skills: Melee Combat: Short
   Blades, Long Blades, Axes, Maces & Flails, Polearms, Staves and Unarmed
   Combat.
   Elements:  Fire Magic, Ice Magic, Air Magic and Earth Magic.
 E - the cursed +2 buckler "Chained With Me" (worn) {reflect, Comp, Range}
   (You found it on level 6 of the Dungeon)

   It has a curse which improves the following skills: Companions: Summonings
   and Necromancy.
   Ranged Combat: Ranged Weapons and Throwing.
 G - the cursed +0 helmet "I Knew You'd Do That" (worn) {Fort, Elem}
   (You found it on level 6 of the Dungeon)

   It has a curse which improves the following skills: Fortitude: Armour and
   Shields.
   Elements:  Fire Magic, Ice Magic, Air Magic and Earth Magic.
 L - +0 steam dragon scales
Magical Staves
 g - a staff of conjuration
Jewellery
 c - a ring of willpower
 k - the cursed amulet of the Cryptic Loss (around neck) {Reflect SH+5, Melee, Fort}
   (You found it on level 1 of the Dungeon)

   [amulet of reflection]

   Reflect:   It reflects blocked missile attacks.
   SH+5:      It affects your SH (+5).
   It has a curse which improves the following skills: Melee Combat: Short
   Blades, Long Blades, Axes, Maces & Flails, Polearms, Staves and Unarmed
   Combat.
   Fortitude: Armour and Shields.
 r - a ring of poison resistance (right hand)
 t - a ring of see invisible
 A - the cursed ring of Supernal Knowledge (left hand) {Int+6, Range, Bglg}
   (You found it on level 5 of the Dungeon)

   [ring of intelligence]

   Int+6:     It affects your intelligence (+6).
   It has a curse which improves the following skills: Ranged Combat: Ranged
   Weapons and Throwing.
   Beguiling: Hexes and Translocations.
Talismans
 I - a beast talisman
Wands
 p - a wand of iceblast (9)
 Q - a wand of digging (7)
 S - a wand of light (4)
Scrolls
 b - 2 scrolls of fog
 d - a scroll of amnesia
 e - 6 scrolls of teleportation
 f - 4 scrolls of revelation
 m - 2 scrolls of vulnerability
 o - 2 scrolls of enchant weapon
 w - 5 scrolls of identify
 B - a scroll of silence
 F - a scroll of poison
 H - a scroll of immolation
 J - a scroll of fear
 K - a scroll of blinking
Potions
 q - 3 potions of haste
 u - a potion of cancellation
 x - 3 potions of attraction
 z - 5 potions of curing
 C - a potion of lignification
 D - a potion of berserk rage
 N - 4 potions of enlightenment
 R - a potion of brilliance


   Skills:
 - Level 4.3(7.6) Armour
 + Level 7.2 Dodging
 + Level 7.7 Stealth
 - Level 4.4(7.7) Shields
 + Level 7.2(9.1) Spellcasting
 + Level 7.5(9.4) Conjurations
 + Level 7.4(10.2) Fire Magic


You had 25 spell levels left.
You knew the following spells:

 Your Spells              Type           Power      Damage    Failure   Level
a - Foxfire               Conj/Fire      100%       2x1d9     1%          1
b - Scorch                Fire           100%       2d9       1%          2

Your spell library contained the following spells:

 Spells                   Type           Power      Damage    Failure   Level
 Momentum Strike          Conj/Tloc      70%        3d9       1%          2
 Flame Wave               Conj/Fire      57%        2d14      1%          4
 Hailstorm                Conj/Ice       35%        3d8       2%          3
 Inner Flame              Hex/Fire       37%        N/A       2%          3
 Volatile Blastmotes      Fire/Tloc      74%        2d16      2%          3
 Dazzling Flash           Conj/Hex       70%        N/A       3%          3
 Freeze                   Ice            52%        1d6       6%          1
 Blink                    Tloc           24%        N/A       10%         2
 Lesser Beckoning         Tloc           24%        N/A       10%         2
 Fulminant Prism          Conj/Alch      17%        3d11      10%         4
 Iskenderun's Mystic Bla  Conj/Tloc      35%        2d8       10%         4
 Frozen Ramparts          Ice            26%        1d4       19%         3
 Gell's Gravitas          Tloc           12%        N/A       19%         3
 Ozocubu's Armour         Ice            13%        N/A       19%         3
 Teleport Other           Tloc           12%        N/A       19%         3
 Starburst                Conj/Fire      28%        6d9       19%         6
 Leda's Liquefaction      Alch/Erth      6%         N/A       54%         4
 Petrify                  Alch/Erth      12%        N/A       54%         4
 Metabolic Englaciation   Hex/Ice        6%         N/A       87%         5
 Sculpt Simulacrum        Ice/Alch       6%         N/A       100%        6
 Maxwell's Capacitive Co  Air            6%         ∞         100%        8


Dungeon Overview and Level Annotations

Branches:
Dungeon (11/15)            Temple (0/1) D:7            Lair (0/5) D:8
    Orc (0/2) D:9

Altars:
Ashenzari
Cheibriados
Ru
Trog
Wu Jian
Jiyva

Annotations:
D:10 3 runed translucent doors, solopath's ghost, journeyman TrEE


Innate Abilities, Weirdness & Mutations

You have large cloven feet.
A demonic guardian rushes to your aid.
Your movements are less encumbered by armour. (ER -4)
Spells you cast may paralyse adjacent enemies.


Message History

The volley of spikes skewers you!
The barbed spikes become lodged in your body.
A demonic guardian appears!
Casting: Foxfire (safe; 1% risk of failure)
Confirm with . or Enter, or press ? or * to list all spells.
Flames lash the catoblepas.
The catoblepas is lightly wounded.
The catoblepas's fire resistance burns away.
Malevolent energies surge around you.
The foxfire hits the catoblepas but does no damage.
The catoblepas is lightly wounded.
The foxfire hits the catoblepas but does no damage.
The catoblepas is lightly wounded.
Your smoke demon gestures at the manticore.
The ball of steam hits the manticore!
The manticore is engulfed in a cloud of scalding steam.
The manticore flicks its tail.
The volley of spikes skewers you!
The barbed spikes become lodged in your body.
Casting: Scorch (safe; 1% risk of failure)
Confirm with . or Enter, or press ? or * to list all spells.
Flames lash the catoblepas.
The catoblepas is burned terribly!
The catoblepas is moderately wounded.
Malevolent energies surge around you.
The manticore is engulfed in a cloud of scalding steam.
The catoblepas is engulfed in a cloud of scalding steam.
The catoblepas gores you!!
* * * LOW HITPOINT WARNING * * *
Casting: Scorch (safe; 1% risk of failure)
Confirm with . or Enter, or press ? or * to list all spells.
Flames lash the catoblepas.
The catoblepas is burned terribly!
The catoblepas is moderately wounded.
Malevolent energies surge around you.
Your smoke demon gestures at the manticore.
The pyre arrow hits the manticore.
The manticore is engulfed in a cloud of scalding steam.
The manticore shakes off the sticky flame as it moves.
The catoblepas is engulfed in a cloud of scalding steam.
The catoblepas gores you!!
You die...

,,,,,,,,,,,,,,,,*
,,,,,,,,,,,,,,,,*
**####*,,,*####,*
,,#...#*,*#...#,*
,,#.$~~###~~$.#,,
,,#.~..≈.≈..~.#,,
,**#~.......~#*,,
,>,*#≈.Y~~.≈#*,,,
,,,,+..~@~..+,,,*
**,*#≈.~~~.3#*,**
,,*#~......H§#**
<,#.~..≈.≈§§§.#
,,#.$~~###~§§.#
,,#...#*,*#§§§#
*+####*,,,*####
,,,,,,,*,,*******
,,,,,,,*,,,,,,,,,


You could see a catoblepas (combustible), a manticore (distracted, ally target)
and a friendly smoke demon (summoned).

Vanquished Creatures
  2 two-headed ogres
  A manticore (D:7)
  A cyclops (D:7)
  An unseen horror (D:10)
  2 kobold demonologists (D:10)
  A rime drake (D:8)
  A tengu conjurer (D:9)
  A troll (D:10)
  A shadow (D:10)
  A wraith (D:7)
  10 yaks
  3 steam dragons
  An acid dragon (D:10)
  3 water moccasins
  2 orc warriors (D:8)
  5 ice beasts (D:8)
  3 ogres
  4 centaurs
  2 wolves (D:8)
  4 phantoms
  2 lemures (D:4)
  A kobold brigand (D:9)
  6 bullfrogs
  A gnoll sergeant (D:8)
  A scorpion (D:4)
  3 wights (D:9)
  6 howler monkeys
  2 bombardier beetles
  3 orc priests
  6 hounds
  2 gnoll boudas
  A sleepcap (D:7)
  6 iguanas
  7 orc wizards
  Robin (D:4)
  4 adders
  24 gnolls
  A shadow imp (D:5)
  3 ribbon worms
  3 dart slugs
  36 orcs
  3 bats
  7 endoplasms
  2 giant cockroaches
  12 goblins
  10 hobgoblins
  6 jackals
  4 quokkas
  4 ball pythons
  5 frilled lizards
  16 kobolds
  3 rats
240 creatures vanquished.

Vanquished Creatures (collateral kills)
  A boulder beetle (D:6)
  Pikel (D:4)
  A wyvern (D:8)
  A wolf (D:8)
  A gnoll bouda (D:6)
  3 gnolls
  An orc (D:6)
  A goblin (D:4)
  2 foxfires
12 creatures vanquished.

Vanquished Creatures (others)
  An endoplasm (D:3)
  393 foxfires
394 creatures vanquished.

Grand Total: 646 creatures vanquished

Notes
Turn   | Place    | Note
-------+----------+-------------------------------------------
     0 | D:1      | croobank the Demonspawn Fire Elementalist began the quest
                  | for the Orb.
     0 | D:1      | Reached XP level 1. HP: 13/13 MP: 3/3
   214 | D:1      | Gained mutation: Your movements are slightly less
                  | encumbered by armour. (ER -2) [demonic ancestry]
   214 | D:1      | Reached XP level 2. HP: 19/19 MP: 0/5
   357 | D:1      | Learned a level 2 spell: Scorch
   563 | D:1      | Found a faded altar of an unknown god.
   596 | D:1      | Prayed at the altar of an unknown god.
   596 | D:1      | Became a worshipper of Ashenzari the Shackled
  1115 | D:2      | Reached XP level 3. HP: 24/24 MP: 3/6
  1666 | D:2      | HP: 1/24 [ribbon worm (5)]
  1981 | D:2      | Reached * piety under Ashenzari
  2991 | D:3      | Reached skill level 1 in Armour
  2991 | D:3      | Reached skill level 1 in Shields
  2991 | D:3      | Gained mutation: A weak demonic guardian rushes to your
                  | aid. [demonic ancestry]
  2991 | D:3      | Reached XP level 4. HP: 30/30 MP: 2/8
  3076 | D:3      | Gained mutation: Spells you cast may paralyse adjacent
                  | enemies. [demonic ancestry]
  3076 | D:3      | Reached XP level 5. HP: 35/35 MP: 4/9
  4010 | D:4      | Noticed a phantom
  4017 | D:4      | Killed a phantom
  4018 | D:4      | Reached XP level 6. HP: 41/41 MP: 8/11
  4373 | D:4      | Found a sacrificial altar of Ru.
  4753 | D:4      | Noticed a yak
  4753 | D:4      | Noticed a yak
  4753 | D:4      | Noticed a yak
  4753 | D:4      | Noticed a yak
  4754 | D:4      | Noticed a yak
  4966 | D:4      | Killed a yak
  4967 | D:4      | Reached XP level 7. HP: 46/46 MP: 9/12
  4974 | D:4      | Killed a yak
  5025 | D:4      | Killed a yak
  5052 | D:4      | Killed a yak
  5056 | D:4      | Killed a yak
  5057 | D:4      | Gained mutation: You have large cloven feet. [demonic
                  | ancestry]
  5057 | D:4      | Reached XP level 8. HP: 35/52 MP: 0/14
  5251 | D:4      | Noticed Pikel
  5306 | D:4      | Killed Pikel
  5701 | D:4      | Reached ** piety under Ashenzari
  6003 | D:4      | Noticed Robin
  6010 | D:4      | Killed Robin
  6523 | D:5      | Entered Level 5 of the Dungeon
  6523 | D:5      | Found a bloodstained altar of Trog.
  6991 | D:5      | Identified the +1 leather armour of Articulation {Will++
                  | Int-4}
  7054 | D:5      | Gained mutation: A demonic guardian rushes to your aid.
                  | [demonic ancestry]
  7054 | D:5      | Reached XP level 9. HP: 57/57 MP: 11/16
  7519 | D:5      | Reached *** piety under Ashenzari
  7806 | D:6      | Reached skill level 5 in Fire Magic
  7813 | D:6      | Reached skill level 5 in Stealth
  8034 | D:6      | Noticed a boulder beetle
  8058 | D:6      | Killed a boulder beetle
  8059 | D:6      | Reached skill level 5 in Dodging
  8059 | D:6      | Reached skill level 5 in Spellcasting
  8059 | D:6      | Reached skill level 5 in Conjurations
  8720 | D:6      | Found a snail-covered altar of Cheibriados.
  9657 | D:7      | Found a staircase to the Ecumenical Temple.
  9839 | D:7      | Gained mutation: Your movements are less encumbered by
                  | armour. (ER -4) [demonic ancestry]
  9839 | D:7      | Reached XP level 10. HP: 42/63 MP: 13/20
 10380 | D:7      | Noticed a cyclops
 10381 | D:7      | Noticed a manticore
 10388 | D:7      | Killed a cyclops
 10390 | D:7      | Killed a manticore
 10825 | D:8      | Found a staircase to the Lair.
 11682 | D:8      | Noticed a two-headed ogre
 11690 | D:8      | Killed a two-headed ogre
 11969 | D:8      | Found an ornate altar of the Wu Jian Council.
 12305 | D:9      | Found a staircase to the Orcish Mines.
 12313 | D:9      | Reached **** piety under Ashenzari
 12472 | D:9      | Reached XP level 11. HP: 68/68 MP: 9/23
 13216 | D:10     | Entered Level 10 of the Dungeon
 13228 | D:10     | Noticed a two-headed ogre
 13250 | D:10     | Killed a two-headed ogre
 13495 | D:10     | Noticed a sun demon
 13503 | D:10     | Noticed a sun demon
 14043 | D:10     | Found a runed translucent gate.
 14043 | D:10     | Found a runed translucent gate.
 14043 | D:10     | Found a runed translucent gate.
 14044 | D:10     | Noticed a glowing orange brain
 14045 | D:10     | Found a viscous altar of Jiyva.
 14045 | D:10     | Noticed solopath's ghost (journeyman TrEE)
 14416 | D:11     | Noticed a catoblepas
 14423 | D:11     | Slain by a catoblepas

Illustrated notes

Levels and vault maps discovered:
D:1:      lightli_arrival_flooded_house, layout_basic,
          ebering_ecumenical_altar_sacrificial
D:2:      layout_loops_cross
D:3:      layout_rooms, lexackson_kobold_supper
D:4:      layout_loops_ring, nicolae_ru_the_path_less_chosen,
          grunt_ministairs_14, minmay_misc_feat_five, uniq_pikel, uniq_robin
D:5:      layout_basic, mainiacjoe_overflow_catch_the_wave, supply_closet_lemuel
D:6:      layout_layer_cave, mainiacjoe_overflow_24_doors
D:7:      minmay_cornered_nines, layout_basic, minmay_temple_entry_junction_2
D:8:      layout_layer_cave, marbit_many_paths, hellmonk_lair_entry_icy,
          minivault_24, onia_ninara_dug_in_and_dangerous
D:9:      nicolae_BIG_FREAKIN_CUBE, layout_loops_cross, orc_0_dummy
D:10:     layout_roguey, gammafunk_ghost_ooze
D:11:     nzn_motion_control, layout_stronghold

Skill      XL: |  1  2  3  4  5  6  7  8  9 10 11 |
---------------+----------------------------------+-----
Stealth        | 2 3 4 5 7 |  7.7
Dodging        | 2 3 4 5 6 7 |  7.2
Fire Magic     | 3 4 5 6 7 |  7.4
Armour         | 1 2 3 4 |  4.3
Shields        | 1 2 3 4 |  4.4
Conjurations   | 2 3 4 5 6 7 |  7.5
Spellcasting   | 3 4 5 6 7 |  7.2

Action                     |  1- 3 |  4- 6 |  7- 9 | 10-12 || total
---------------------------+-------+-------+-------+-------++-------
  Melee: Unarmed           |   122 |       |       |       ||   122
         Dagger            |       |    89 |   147 |    75 ||   311
         Trident           |       |     5 |       |       ||     5
         Kick              |       |       |     1 |       ||     1
  Throw: Dart              |       |       |    10 |       ||    10
   Cast: Foxfire           |    67 |    25 |    35 |   100 ||   227
         Scorch            |     8 |    33 |   110 |    91 ||   242
 Invoke: Curse Item        |     2 |       |     4 |     2 ||     8
         Shatter the Chain |       |       |     1 |       ||     1
    Use: Scroll            |     7 |       |       |     3 ||    10
         Potion            |     1 |     4 |     5 |       ||    10
   Stab: Sleeping          |     1 |     1 |     3 |     7 ||    12
         Paralysed         |       |    17 |    45 |    33 ||    95
         Distracted        |       |       |     1 |     1 ||     2
 Armour: Leather armour    |    73 |    26 |    55 |    52 ||   206
  Dodge: Dodged            |    90 |    28 |    57 |    60 ||   235
  Block: Buckler           |    37 |    40 |    87 |    61 ||   225
         Reflection        |       |     3 |     3 |     7 ||    13

Table legend: (Time is in decaauts)
 A = Elapsed time spent in this place.
 B = Non-inter-level travel time spent in this place.
 C = Inter-level travel time spent in this place.
 D = Time resting spent in this place.
 E = Time spent auto-exploring this place.
 F = Levels seen in this place.
 G = Mean time per level.
                   A        B        C        D        E       F      G
               +--------+--------+--------+--------+--------+-----+--------+
         Total |  14382 |  14092 |    290 |   4758 |   6837 |  11 | 1307.5 |
       Dungeon |  14382 |  14092 |    290 |   4758 |   6837 |  11 | 1307.5 |
               +--------+--------+--------+--------+--------+-----+--------+

Top non-repeatable levels by time:
     D:4: 2557 daAuts
     D:2: 1927 daAuts
     D:6: 1838 daAuts
     D:8: 1711 daAuts
    D:10: 1200 daAuts
     D:5: 1141 daAuts
     D:3: 1110 daAuts
     D:7: 1091 daAuts
     D:9: 914 daAuts
     D:1: 882 daAuts
    D:11: 6 daAuts
